 Dungeon Crawl Stone Soup version 0.19.0-11-g3fc08b3 (webtiles) character file.

122856 kengeki the Severer (level 16, 0/155 HPs)
             Began as a Hill Orc Fighter on Nov 9, 2016.
             Was a High Priest of Okawaru.
             Slain by a salamander
             ... wielding a +0 halberd
              (2 damage)
             ... on level 3 of the Snake Pit.
             The game lasted 05:59:52 (37256 turns).

kengeki the Severer (Hill Orc Fighter)             Turns: 37256, Time: 05:59:52

Health: 0/155      AC: 26    Str: 26    XL:     16   Next: 88%
Magic:  15/21      EV: 14    Int:  8    God:    Okawaru [*****.]
Gold:   1457       SH:  0    Dex: 10    Spells: 3 memorised, 16 levels left

rFire  + + .     SeeInvis +     b - +3 broad axe "Vuseix Janla" {chop, rElec rC- MR+}
rCold  x x x     Gourm    .     W - +5 ring mail {rPois}
rNeg   . . .     Faith    .     (no shield)
rPois  +         Spirit   .     h - +2 helmet {SInv}
rElec  +         Reflect  .     H - +2 cloak {MR+}
rCorr  .         Harm     .     O - +0 pair of gloves
MR     +++..                    S - +0 pair of boots
Stlth  ++........               e - amulet of magic regeneration
                                t - ring of fire
                                l - ring of fire

@: heroism, finesse, constricted
A: no striking features
a: Heroism, Finesse, Renounce Religion


You were on level 3 of the Snake Pit.
You worshipped Okawaru.
Okawaru was extremely pleased with you.
You were not hungry.

You visited 4 branches of the dungeon, and saw 25 of its levels.

You collected 1857 gold pieces.
You spent 400 gold pieces at shops.

Inventory:

Hand Weapons
 a - a +2 war axe of electrocution
 b - the +3 broad axe "Vuseix Janla" (weapon) {chop, rElec rC- MR+}
   (Okawaru gifted it to you on level 12 of the Dungeon)

   It inflicts extra damage upon your enemies.
   It makes you vulnerable to cold.
   It insulates you from electricity.
   It affects your resistance to hostile enchantments.
 g - a +1 executioner's axe of chopping
 w - a +1 broad axe of flaming
Missiles
 c - 41 arrows
Armour
 h - a +2 helmet of see invisible (worn)
 H - a +2 cloak of magic resistance (worn)
 O - a +0 pair of gloves (worn)
 S - a +0 pair of boots (worn)
 W - a +5 ring mail of poison resistance (worn)
Magical Staves
 Y - an uncursed staff of poison
Jewellery
 d - a +5 ring of protection
 e - an amulet of magic regeneration (around neck)
 l - a ring of fire (left hand)
 m - an uncursed ring of positive energy
 o - a +4 ring of evasion
 q - an uncursed ring of positive energy
 t - a ring of fire (right hand)
 u - an uncursed ring of flight
 y - a +4 ring of strength
Wands
 K - a wand of lightning (6/15)
 N - a wand of paralysis (8/24)
 R - a wand of confusion (33/48)
 T - a wand of digging (11/24)
Scrolls
 f - a scroll of vulnerability
 k - 4 scrolls of teleportation
 s - 11 scrolls of remove curse
 z - 2 scrolls of torment
 B - 2 scrolls of amnesia
 D - 3 scrolls of blinking
 E - 3 scrolls of recharging
 F - a scroll of immolation
 M - a scroll of silence
 U - a scroll of magic mapping
 X - a scroll of fog
Potions
 p - a potion of lignification
 r - 3 potions of heal wounds
 x - a potion of mutation {unknown}
 A - 11 potions of curing
 C - a potion of flight
 I - 3 potions of ambrosia
 J - 2 potions of haste
 L - 2 potions of resistance
 Q - a potion of cure mutation
 V - a potion of cancellation
Books
 j - a book of the Earth

   Spells                             Type                      Level
   a - Leda's Liquefaction            Hexes/Earth                  4
   b - Bolt of Magma                  Conjuration/Fire/Earth       5
   c - Statue Form                    Transmutation/Earth          6
   d - Iron Shot                      Conjuration/Earth            6
   e - Shatter                        Earth                        9
Miscellaneous
 v - a disc of storms
 G - a fan of gales
Comestibles
 i - 2 bread rations
 n - 27 fruits


   Skills:
 + Level 17.1(22.1) Fighting
 + Level 18.1(23.1) Axes
 + Level 15.5(20.5) Armour
 - Level 8.0(13.0) Dodging
   Level 3.2(8.2) Shields
 - Level 2.0 Spellcasting
 - Level 4.0 Hexes
 * Level 7.2 Necromancy
 - Level 5.0 Translocations
 - Level 7.1 Invocations
 - Level 5.0 Evocations


You had 16 spell levels left.
You knew the following spells:

 Your Spells              Type           Power        Failure   Level  Hunger
a - Apportation           Tloc           #.........   6%          1    ##.....
c - Corona                Hex            #......      10%         1    ##.....
f - Animate Skeleton      Necr           N/A          2%          1    ##.....


Dungeon Overview and Level Annotations

Branches:
Dungeon (15/15)            Temple (1/1) D:6            Lair (6/6) D:10
  Swamp (0/4) Lair:2        Snake (3/4) Lair:4        Slime (0/5) Lair:6
    Orc (0/2) D:9          Vaults (0/5) D:14         Depths (0/5) D:15

Altars:
Ashenzari
Cheibriados
Dithmenos
Elyvilon
Fedhas
Gozag
Hepliaklqana
Kikubaaqudgha
Makhleb
Nemelex Xobeh
Okawaru
Qazlal
Ru
Sif Muna
Trog
Uskayaw
Vehumet
Xom
Yredelemnul
Zin
The Shining One

Shops:
D:9 }

Portals:
Hell: Lair:6
Trove: D:11 (give +2 gold dragon scales)

Annotations:
Snake:1 exclusion: downstairs
Snake:2 exclusion: downstairs, Vashnia


Message History

Unknown command.
Unknown command.
Blink to where?
Press: ? - help, Dir - move target cursor The anaconda's grasp on you weakens, but your attempt to escape fails.
As you read the scroll of blinking, it crumbles to dust.
The anaconda bites you!
* * * LOW HITPOINT WARNING * * *
The anaconda constricts you. The shock serpent barely misses you.
The salamander mystic gestures at you while chanting.
The bolt of magma hits you! You partially resist.
* * * LOW HITPOINT WARNING * * *
The salamander hits you but does no damage.
The anaconda misses you.
* * * LOW HITPOINT WARNING * * *
The anaconda constricts you. The naga mage closely misses you.
The salamander hits you from afar with a halberd.
* * * LOW HITPOINT WARNING * * *
You are engulfed in flames.
You resist.
You die...

........##/#
#..$.......#
#.........#
#.........#
##.>......$###
###............#
#.....NNS....#
#..NS@.$..#
####..#####
#N.## ...## ..##
###


You could see a salamander mystic, 2 salamanders, an anaconda, a shock serpent
and a naga mage.

Vanquished Creatures
  Agnes (Snake:2)
  A nagaraja (Snake:2)
  Azrael (Snake:2)
  A dire elephant (Lair:6)
  The ghost of mistymad the Grappler, a journeyman NaTm (D:10)
  An ogre mage (D:15)
  4 vault guards
  Harold (D:12)
  4 naga warriors
  7 hydras
  A catoblepas (D:14)
  2 anacondas
  3 centaur warriors (D:15)
  The ghost of kilppis the Blocker, a journeyman GrFi of Okawaru (D:11)
  A queen ant (Lair:2)
  17 death yaks
  A shock serpent (Snake:1)
  2 naga sharpshooters
  A sun demon (Lair:6)
  5 skeletal warriors
  A sixfirhy (Lair:6)
  4 unseen horrors
  A naga ritualist (Snake:1)
  4 hill giants
  An orc knight (D:15)
  Pikel (D:4)
  A wolf spider zombie (D:15)
  3 wizards
  21 ugly things
  4 mana vipers
  An oklob plant (Lair:5)
  2 orc sorcerers (D:15)
  A deep elf mage (D:15)
  5 manticores
  5 cyclopes
  Maurice (D:10)
  3 salamanders
  A guardian serpent (Snake:2)
  A guardian serpent (shapeshifter) (D:14)
  5 naga magi
  19 black mambas
  4 gargoyles
  5 torpor snails
  An orange demon (Lair:6)
  A smoke demon (Lair:6)
  10 spiny frogs
  An efreet (D:15)
  8 kobold demonologists
  4 rime drakes
  4 komodo dragons
  4 ice devils (Lair:6)
  A freezing wraith (D:14)
  A red devil (Lair:6)
  4 trolls
  A meliai (D:12)
  5 two-headed ogres
  3 polar bears
  29 blink frogs
  7 dream sheep
  A slime creature (Lair:6)
  10 hippogriffs
  A centaur simulacrum (D:14)
  A wraith (D:15)
  4 wyverns
  21 yaks
  A vampire (D:13)
  A shadow (D:15)
  7 basilisks
  A steam dragon (D:7)
  3 hungry ghosts
  A fire elemental (Snake:2)
  2 mottled dragons (D:14)
  3 vampire mosquitoes (D:13)
  Menkaure (D:7)
  17 nagas
  6 swamp worms (Lair:2)
  Edmund (D:4)
  12 water moccasins
  5 large abominations (D:10)
  16 soldier ants
  7 small abominations (D:10)
  6 hell hounds
  8 porcupines
  Purgy (D:4)
  3 eyes of draining
  2 sky beasts
  2 slaves (D:4)
  2 black bears
  4 ice beasts
  4 orc warriors
  16 ogres
  A phantom (D:7)
  12 wolves
  12 centaurs
  18 crocodiles
  6 big kobolds
  13 bullfrogs
  2 wyvern zombies (D:11)
  2 water moccasin skeletons
  4 scorpions
  20 killer bees
  18 wights
  An electric eel (Lair:2)
  A howler monkey (D:4)
  6 crimson imps
  A bullfrog zombie (D:10)
  7 orc priests
  3 centaur zombies
  7 jellies
  5 centaur skeletons
  7 hounds
  8 orc wizards
  2 bullfrog skeletons
  A gnoll shaman (D:9)
  4 iguanas
  A hell rat (D:7)
  37 worker ants
  3 hound skeletons
  9 gnolls
  2 howler monkey skeletons
  9 adders
  4 river rats
  8 shadow imps
  3 worms
  A dart slug (D:2)
  11 leopard geckos
  32 orcs
  8 giant cockroaches
  5 hobgoblins
  19 jackals
  4 quokkas
  2 ball pythons (D:2)
  10 bats
  6 frilled lizards
  7 goblins
  35 kobolds
  A leopard gecko skeleton (D:4)
  48 rats
  A bush (Lair:3)
  13 fungi
  24 plants
868 creatures vanquished.

Vanquished Creatures (collateral kills)
  An anaconda (Snake:1)
  An ogre mage (D:15)
  A black mamba (Snake:1)
  A hornet (D:13)
  A naga (Snake:1)
5 creatures vanquished.

Vanquished Creatures (others)
  2 centaurs (D:15)
  8 fungi
  5 plants
  14 toadstools (Lair:5)
29 creatures vanquished.

Grand Total: 902 creatures vanquished

Notes
Turn   | Place    | Note
-------+----------+-------------------------------------------
     0 | D:1      | kengeki the Hill Orc Fighter began the quest for the Orb.
     0 | D:1      | Reached XP level 1. HP: 19/19 MP: 1/1
   137 | D:1      | Reached skill level 3 in Axes
   137 | D:1      | Reached XP level 2. HP: 26/27 MP: 2/2
   563 | D:1      | Reached XP level 3. HP: 33/33 MP: 3/3
   602 | D:1      | Found a glowing silver altar of Zin.
  1147 | D:3      | Found a stormy altar of Qazlal.
  1225 | D:2      | Reached skill level 4 in Axes
  1336 | D:2      | Reached XP level 4. HP: 41/41 MP: 4/4
  1533 | D:2      | Found a radiant altar of Vehumet.
  1923 | D:3      | Found an iron altar of Okawaru.
  1923 | D:3      | Found a hide-covered altar of Uskayaw.
  1924 | D:3      | Found an opulent altar of Gozag.
  1955 | D:3      | Became a worshipper of Warmaster Okawaru
  2574 | D:4      | Noticed an ogre
  2607 | D:3      | Reached skill level 5 in Fighting
  2607 | D:3      | Reached XP level 5. HP: 38/48 MP: 5/5
  2747 | D:4      | Noticed Purgy
  2776 | D:4      | Killed Purgy
  2776 | D:4      | Reached * piety under Okawaru
  2776 | D:4      | Reached skill level 5 in Axes
  2776 | D:4      | Reached skill level 5 in Armour
  2776 | D:4      | Reached XP level 6. HP: 41/56 MP: 6/6
  3220 | D:4      | Reached XP level 7. HP: 63/63 MP: 7/7
  3342 | D:4      | Reached skill level 6 in Axes
  3651 | D:5      | Entered Level 5 of the Dungeon
  3651 | D:5      | Noticed Pikel
  3657 | D:5      | Noticed Edmund
  3807 | D:4      | Killed Pikel
  3807 | D:4      | Reached ** piety under Okawaru
  3807 | D:4      | Reached skill level 7 in Axes
  3807 | D:4      | Reached XP level 8. HP: 66/74 MP: 8/8
  3813 | D:4      | Killed Edmund
  3983 | D:4      | Reached skill level 8 in Axes
  4227 | D:4      | Noticed an angel
  4228 | D:4      | Found a glowing silver altar of Zin.
  4355 | D:5      | Noticed a two-headed ogre
  4363 | D:5      | Killed a two-headed ogre
  4369 | D:5      | Reached *** piety under Okawaru
  4369 | D:5      | Reached XP level 9. HP: 71/82 MP: 9/9
  4411 | D:5      | Reached skill level 9 in Axes
  4650 | D:6      | Reached skill level 1 in Invocations
  5357 | D:6      | Found a staircase to the Ecumenical Temple.
  5380 | Temple   | Entered the Ecumenical Temple
  5933 | D:6      | Found a hazy altar of Hepliaklqana.
  6146 | D:7      | Found a shattered altar of Ashenzari.
  6327 | D:7      | Reached skill level 5 in Invocations
  6416 | D:7      | Reached skill level 10 in Axes
  6630 | D:7      | Noticed Menkaure
  6737 | D:7      | Killed Menkaure
  6737 | D:7      | Reached XP level 10. HP: 80/91 MP: 14/14
  6759 | D:7      | Reached **** piety under Okawaru
  7611 | D:8      | Reached skill level 1 in Evocations
  7874 | D:8      | Found a burning altar of Makhleb.
  8319 | D:8      | Found a sparkling altar of Nemelex Xobeh.
  8808 | D:9      | Found a staircase to the Orcish Mines.
  8811 | D:9      | Reached skill level 10 in Fighting
  8969 | D:10     | Entered Level 10 of the Dungeon
  9305 | D:9      | Found Huironin's Gadget Shoppe.
  9317 | D:9      | Bought a fan of gales for 400 gold pieces
  9399 | D:9      | Reached skill level 11 in Axes
  9497 | D:9      | Found a deep blue altar of Sif Muna.
  9888 | D:10     | Noticed Maurice
  9900 | D:10     | Killed Maurice
 10013 | D:10     | Noticed mistymad's ghost (journeyman NaTm)
 10017 | D:10     | Reached skill level 10 in Armour
 10033 | D:10     | Killed mistymad's ghost
 10033 | D:10     | Reached ***** piety under Okawaru
 10033 | D:10     | Reached XP level 11. HP: 82/101 MP: 16/16
 10213 | D:10     | Found a staircase to the Lair.
 10698 | D:11     | Noticed a green ugly thing
 10706 | D:11     | Killed a green ugly thing
 11228 | D:10     | Noticed a hill giant
 11312 | D:9      | Killed a hill giant
 11583 | D:10     | Noticed a wizard
 11594 | D:10     | Killed a wizard
 11604 | D:10     | Noticed a large abomination
 11650 | Lair:1   | Entered Level 1 of the Lair of Beasts
 11770 | Lair:1   | Learned a level 1 spell: Apportation
 11809 | Lair:1   | Reached skill level 12 in Axes
 11822 | Lair:1   | Reached skill level 5 in Evocations
 11994 | Lair:1   | Received a gift from Okawaru
 12142 | Lair:3   | Noticed a four-headed hydra
 12974 | Lair:2   | Reached skill level 1 in Spellcasting
 13258 | Lair:2   | Reached skill level 1 in Translocations
 13373 | Lair:3   | Noticed a death yak
 13373 | Lair:3   | Noticed a death yak
 13373 | Lair:3   | Noticed a death yak
 13373 | Lair:3   | Noticed a death yak
 13373 | Lair:3   | Noticed a death yak
 13373 | Lair:3   | Noticed a death yak
 13549 | Lair:2   | Reached XP level 12. HP: 95/112 MP: 17/17
 13792 | Lair:2   | Noticed a queen ant
 13809 | Lair:2   | Killed a queen ant
 14371 | Lair:2   | Reached skill level 13 in Axes
 15211 | Lair:2   | Found a staircase to the Swamp.
 15610 | Lair:3   | Killed a four-headed hydra
 15610 | Lair:3   | Received a gift from Okawaru
 15611 | Lair:3   | Got a faintly glowing hand axe {god gift}
 15621 | Lair:2   | Identified the +8 hand axe "Casusuda" {holy, rElec SInv} (Okawaru gifted it to you on level 3 of the Lair of Beasts)
 16579 | Lair:3   | Killed a death yak
 16593 | Lair:3   | Killed a death yak
 16600 | Lair:3   | Killed a death yak
 16606 | Lair:3   | Killed a death yak
 16616 | Lair:3   | Killed a death yak
 16616 | Lair:3   | Reached ****** piety under Okawaru
 16616 | Lair:3   | Reached XP level 13. HP: 46/122 MP: 15/18
 16626 | Lair:3   | Reached skill level 14 in Axes
 17388 | Lair:3   | Received a gift from Okawaru
 17754 | Lair:4   | Found a staircase to the Snake Pit.
 18881 | Lair:6   | Entered Level 6 of the Lair of Beasts
 18904 | Lair:6   | Reached skill level 5 in Translocations
 20228 | Lair:5   | Found a blossoming altar of Fedhas.
 20668 | Lair:6   | Found a staircase to the Slime Pits.
 20765 | Lair:6   | Reached skill level 15 in Axes
 20793 | Lair:6   | Received a gift from Okawaru
 20812 | Lair:6   | Got a heavily runed scale mail {god gift}
 20836 | Lair:6   | Identified the +3 scale mail "Nuizil" {rCorr} (Okawaru gifted it to you on level 6 of the Lair of Beasts)
 21462 | Lair:6   | Found a snail-covered altar of Cheibriados.
 21490 | Lair:6   | Reached XP level 14. HP: 131/133 MP: 14/19
 21580 | Lair:6   | Reached skill level 15 in Fighting
 21590 | Lair:6   | Reached skill level 16 in Axes
 21663 | Lair:6   | Noticed a dire elephant
 21972 | Lair:6   | Killed a dire elephant
 22550 | Lair:6   | Received a gift from Okawaru
 23001 | Lair:6   | Found a burning altar of Makhleb.
 23515 | Lair:6   | Found a gateway to Hell.
 24572 | Lair:1   | Learned a level 1 spell: Animate Skeleton
 24574 | Lair:1   | Learned a level 1 spell: Corona
 24927 | D:11     | Found a sacrificial altar of Ru.
 25002 | D:11     | Reached skill level 1 in Hexes
 25002 | D:11     | Reached skill level 1 in Necromancy
 26088 | D:11     | Noticed kilppis's ghost (journeyman GrFi)
 26100 | D:11     | Killed kilppis's ghost
 26225 | D:11     | Reached XP level 15. HP: 140/143 MP: 20/20
 26404 | D:11     | Found a portal to a secret trove of treasure.
 26583 | D:12     | Noticed Harold
 26605 | D:12     | Killed Harold
 26605 | D:12     | Reached skill level 17 in Axes
 27120 | D:12     | Received a gift from Okawaru
 27121 | D:12     | Got a slimy broad axe {god gift}
 27129 | D:12     | Identified the +3 broad axe "Vuseix Janla" {chop, rElec rC- MR+} (Okawaru gifted it to you on level 12 of the Dungeon)
 27383 | D:12     | Reached skill level 15 in Armour
 27778 | D:13     | Reached skill level 1 in Dodging
 28853 | D:15     | Entered Level 15 of the Dungeon
 29260 | D:14     | Reached skill level 5 in Dodging
 29766 | D:14     | Received a gift from Okawaru
 30034 | D:14     | Found a gate to the Vaults.
 31248 | D:15     | Reached XP level 16. HP: 68/151 MP: 19/21
 31807 | D:15     | Found a staircase to the Depths.
 32886 | D:15     | Received a gift from Okawaru
 32903 | D:15     | Got a crystal hand axe {god gift}
 32905 | D:15     | Identified the +6 hand axe of Riap {flame, *Drain Int+5} (Okawaru gifted it to you on level 15 of the Dungeon)
 33522 | Snake:1  | Entered Level 1 of the Snake Pit
 34204 | Snake:1  | Reached skill level 5 in Necromancy
 34887 | Snake:2  | Noticed Agnes
 34888 | Snake:2  | Noticed Vashnia
 36100 | Snake:2  | Noticed a nagaraja
 36118 | Snake:2  | Killed a nagaraja
 36118 | Snake:2  | Reached skill level 18 in Axes
 36445 | Snake:3  | Noticed a nagaraja
 36732 | Snake:2  | Killed Agnes
 36787 | Snake:2  | Received a gift from Okawaru
 36954 | Snake:2  | Noticed Azrael
 36977 | Snake:2  | Killed Azrael
 37256 | Snake:3  | HP: 6/155 [anaconda (3)]
 37256 | Snake:3  | HP: 2/155 [salamander/halberd (4)]
 37256 | Snake:3  | Slain by a salamander

Skill      XL: |  1  2  3  4  5  6  7  8  9 10 11 12 13 14 15 16 |
---------------+-------------------------------------------------+-----
Axes           | 3 4 5 7 8 10 11 12 13 15 16 17 18 | 18.1
Fighting       | 4 5 6 7 8 9 10 11 13 14 15 16 17 | 17.1
Armour         | 4 5 7 8 10 11 12 13 14 15 | 15.5
Invocations    | 6 7 |  7.1
Evocations     | 3 5 |  5.0
Spellcasting   | 1 2 |  2.0
Translocations | 1 4 5 |  5.0
Hexes          | 2 4 |  4.0
Necromancy     | 2 4 7 |  7.2
Dodging        | 8 |  8.0
Shields        | |  3.2

Action                   |  1- 3 |  4- 6 |  7- 9 | 10-12 | 13-15 | 16-18 || total
-------------------------+-------+-------+-------+-------+-------+-------++-------
Melee: War axe           |   107 |   121 |   320 |   848 |  1177 |   228 ||  2801
       Punch             |       |       |     1 |     7 |    11 |     6 ||    25
       Hand axe          |       |       |       |     9 |    72 |       ||    81
       Great mace        |       |       |       |     6 |       |       ||     6
       Staff             |       |       |       |       |     1 |       ||     1
       Morningstar       |       |       |       |       |    31 |       ||    31
       Broad axe         |       |       |       |       |   147 |   276 ||   423
       Executioner's axe |       |       |       |       |       |    16 ||    16
 Cast: Apportation       |       |       |       |    23 |    41 |    14 ||    78
       Animate Skeleton  |       |       |       |       |    12 |    26 ||    38
Invok: Heroism           |       |       |    12 |    16 |    18 |    10 ||    56
       Finesse           |       |       |       |     4 |     9 |     6 ||    19
 Abil: Evoke Flight      |       |       |       |       |     1 |       ||     1
Evoke: Wand              |       |       |     2 |     4 |     1 |     1 ||     8
       Fan of gales      |       |       |       |     1 |       |       ||     1
       Disc of storms    |       |       |       |     7 |       |       ||     7
  Use: Scroll            |     6 |     2 |     8 |    16 |     9 |     5 ||    46
       Potion            |       |     1 |     2 |     6 |     3 |     1 ||    13
 Stab: Paralysed         |       |       |       |     6 |       |       ||     6
       Sleeping          |       |       |       |       |     1 |       ||     1
       Invisible         |       |       |       |       |     1 |       ||     1
       Distracted        |       |       |       |       |       |     1 ||     1
  Eat: Chunk             |     1 |     7 |    11 |    28 |    37 |    10 ||    94
       Fruit             |       |       |     2 |     8 |    16 |     7 ||    33
       Meat ration       |       |       |       |       |       |     1 ||     1
Armor: Scale mail        |    51 |    59 |       |       |       |       ||   110
       Ring mail         |       |    31 |   120 |   385 |   538 |   212 ||  1286
Dodge: Dodged            |    44 |    77 |   145 |   322 |   472 |   282 ||  1342
Block: Shield            |    31 |       |       |       |       |       ||    31
